 Dungeon Crawl Stone Soup version 0.31.0-1-g2c135a0 (webtiles) character file.

Game seed: 6145687740996184635

48529 Gwimweeper the Bludgeoner (level 14, -2/122 HPs)
             Began as a Minotaur Berserker on Mar 25, 2024.
             Was an Elder of Trog.
             Killed from afar by a lindwurm (9 damage)
             ... with a blast of flame
             ... while petrified by a catoblepas
             ... on level 5 of the Lair of Beasts on Mar 26, 2024.
             The game lasted 02:48:29 (16336 turns).

Gwimweeper the Bludgeoner (Minotaur Berserker)     Turns: 16336, Time: 02:48:29

Health: -2/122     AC: 22    Str: 34    XL:     14   Next: 12%
Magic:  13/13      EV:  2    Int:  2    God:    Trog [****..]
Gold:   1140       SH:  0    Dex: 11    Spells: 13/13 levels left

rFire   . . .        U - +7 great mace of Xapn {flame, rElec rN+++ Str+2 Int-2}
rCold   . . .        (shield currently unavailable)
rNeg    + + +        B - +0 plate armour
rPois   ∞            (helmet restricted)
rElec   +            T - +2 cloak
rCorr   .            m - +0 pair of gloves
SInv    .            R - +1 pair of boots
Will    +....        v - amulet of faith Stlth
                     P - ring of poison resistance
HPRegen 0.40/turn    A - +6 ring of strength
MPRegen 0.13/turn

%: faith
@: petrified, studying Dodging
A: horns 2, retaliatory headbutt
a: Renounce Religion, Berserk, Trog's Hand, Brothers in Arms


You were on level 5 of the Lair of Beasts.
You worshipped Trog.
Trog was greatly pleased with you.
You visited 2 branches of the dungeon, and saw 16 of its levels.

You collected 1140 gold pieces.

Inventory:

Hand Weapons
 r - a +3 antimagic demon trident
 t - a +0 dire flail of protection
 y - a +2 flail of protection
 H - a +5 scimitar
 S - a +0 morningstar
 U - the +7 great mace of Xapn (weapon) {flame, rElec rN+++ Str+2 Int-2}
   (Trog gifted it to you on level 11 of the Dungeon)

   Str+2:     It affects your strength (+2).
   Int-2:     It affects your intelligence (-2).
   rElec:     It insulates you from electricity.
   rN+++:     It renders you almost immune to negative energy.
 X - a +3 antimagic great sword
Missiles
 f - 2 throwing nets (quivered)
Armour
 g - a +1 chain mail of cold resistance
 m - a +0 pair of gloves (worn)
 B - a +0 plate armour (worn)
 J - a +1 ring mail of willpower
 R - a +1 pair of boots (worn)
 T - a +2 cloak (worn)
Jewellery
 k - a ring of resist corrosion
 o - a ring of see invisible
 v - an amulet of faith (around neck)
 A - a +6 ring of strength (right hand)
 M - a ring of protection from fire
 O - a ring of protection from cold
 P - a ring of poison resistance (left hand)
Talismans
 e - a beast talisman
 N - a serpent talisman
Wands
 u - a wand of flame (22)
 F - a wand of charming (20)
 Q - a wand of quicksilver (5)
Scrolls
 a - a scroll of summoning
 c - 2 scrolls of revelation
 h - 2 scrolls of fear
 j - 2 scrolls of amnesia {unknown}
 l - 2 scrolls of fog
 s - a scroll of immolation
 w - a scroll of enchant armour {unknown}
 x - 10 scrolls of teleportation
 z - a scroll of silence {unknown}
 E - a scroll of torment {unknown}
 G - a scroll of enchant weapon {unknown}
 K - a scroll of blinking
 V - a scroll of identify
 Y - a scroll of poison
Potions
 b - 10 potions of curing
 d - 3 potions of enlightenment
 i - 4 potions of lignification
 n - 2 potions of cancellation
 p - a potion of brilliance {unknown}
 q - a potion of berserk rage {unknown}
 C - a potion of might {unknown}
 D - 2 potions of heal wounds
 I - 3 potions of invisibility
 L - 3 potions of haste
 W - a potion of ambrosia {unknown}


   Skills:
 + Level 10.7 Fighting
 + Level 1.5 Long Blades
 - Level 20.2 Maces & Flails
 + Level 11.1 Armour
 * Level 12.4 Dodging
 - Level 0.1 Stealth
 + Level 5.8 Shields
 * Level 8.4 Evocations


You had 13 spell levels left.
You didn't know any spells.
Your spell library was empty.

Dungeon Overview and Level Annotations

Branches:
Dungeon (11/15)            Temple (0/1) D:5            Lair (5/5) D:11
  Swamp (0/4) Lair:2        Snake (0/4) Lair:3          Orc (0/2) D:11
  Slime: Lair:4-5

Altars:
Kikubaaqudgha
Nemelex Xobeh
Okawaru
Wu Jian

Shops:
D:8 :   D:11 (

Annotations:
Lair:1 1 runed translucent door, Rupert
Lair:5 exclusion: oklob plant


Innate Abilities, Weirdness & Mutations

You have a pair of horns on your head.
You reflexively headbutt those who attack you in melee.


Message History

* * * LOW HITPOINT WARNING * * *
Your limbs are stiffening.
Unknown command.
You thump the lindwurm! You burn the lindwurm.
The lindwurm is heavily wounded.
You are engulfed in calcifying dust.
Your limbs have turned to stone.
The lindwurm bites you but does no damage.
The lindwurm claws you but does no damage. x2
You have turned to stone.
You are engulfed in calcifying dust.
The lindwurm breathes flames at you. The blast of flame hits you!
* * * LOW HITPOINT WARNING * * *
You are engulfed in calcifying dust.
The lindwurm bites you!
* * * LOW HITPOINT WARNING * * *
The lindwurm claws you but does no damage.
The lindwurm claws you.
* * * LOW HITPOINT WARNING * * *
The lindwurm bites you but does no damage.
The lindwurm claws you but does no damage.
The lindwurm claws you.
* * * LOW HITPOINT WARNING * * *
The lindwurm bites you.
* * * LOW HITPOINT WARNING * * *
The lindwurm claws you but does no damage. x2
The lindwurm bites you but does no damage.
The lindwurm barely misses you.
The lindwurm claws you but does no damage.
The lindwurm bites you but does no damage.
The lindwurm claws you but does no damage.
The lindwurm claws you. The lindwurm bites you.
* * * LOW HITPOINT WARNING * * *
The lindwurm barely misses you.
The lindwurm claws you but does no damage.
The lindwurm bites you but does no damage.
The lindwurm claws you but does no damage. x2
The lindwurm breathes flames at you. The blast of flame hits you!!
You die...

.......# ##..P.
..P.### # ......##
#.#... ...#.###
...#.##
##....#####.....##
....##
#.........†.....##
....
#P..#.#...#.....##
######...#...#...####
#...#...###)###...#..
#..k#....P###.....#..
#...@......#......#..
#.###.....####....#.#
....### #.......
..P.## ##..P...
P.#### #####.P ###
###


You could see a lindwurm (catching breath).

Vanquished Creatures
  Josephine (D:11)
  A hydra (Lair:5)
  Harold (D:11)
  3 catoblepae
  2 boulder beetles (D:11)
  A two-headed ogre (D:9)
  Urug (Lair:3)
  5 death yaks
  Sonja (D:11)
  2 skysharks (Lair:2)
  Amaemon (Lair:1)
  A deep troll (Lair:2)
  A lindwurm (Lair:2)
  A cyclops (D:11)
  A manticore (Lair:5)
  Joseph (D:7)
  4 black mambas
  2 torpor snails
  14 cane toads
  An orange demon (Lair:1)
  2 unseen horrors
  4 rime drakes
  4 komodo dragons
  A troll (D:9)
  Grinder (D:3)
  2 hornets
  5 polar bears
  9 blink frogs
  A centaur simulacrum (D:11)
  A shadow (D:11)
  72 yaks
  A human (Lair:1)
  5 wraiths (D:11)
  4 basilisks
  A warg (Lair:5)
  7 wyverns
  2 steam dragons
  Grum (Lair:1)
  Menkaure (D:7)
  2 nagas
  An acid dragon (D:11)
  16 water moccasins
  The ghost of strontium90w the Conjurer, an amateur DECj (D:4)
  12 ice beasts
  A black bear (D:4)
  5 orc warriors
  2 sky beasts
  An ogre (D:7)
  15 wolves
  A phantom (D:6)
  8 centaurs
  A kobold brigand (D:11)
  14 bullfrogs
  A gnoll sergeant (D:7)
  5 scorpions
  7 wights
  12 killer bees
  5 howler monkeys
  An electric eel (D:9)
  3 orc priests
  4 bombardier beetles
  5 hounds
  A sleepcap (D:7)
  5 jellies
  2 gnoll boudas
  5 iguanas
  Ijyb (D:3)
  Jessica (D:2)
  Natasha (thrice) (D:3)
  5 orc wizards
  14 gnolls
  8 adders
  2 shadow imps
  5 white imps
  3 ufetubi (D:6)
  2 dart slugs
  2 ribbon worms (D:4)
  36 orcs
  12 ball pythons
  5 endoplasms
  5 giant cockroaches
  13 goblins
  3 hobgoblins
  5 jackals (D:1)
  7 quokkas
  10 bats
  4 frilled lizards
  8 kobolds
  8 rats
467 creatures vanquished.

Notes
Turn   | Place    | Note
-------+----------+-------------------------------------------
     0 | D:1      | Gwimweeper the Minotaur Berserker began the quest for the
                  | Orb.
     0 | D:1      | Reached XP level 1. HP: 19/19 MP: 0/0
   111 | D:1      | Reached skill level 4 in Maces & Flails
   111 | D:1      | Reached XP level 2. HP: 19/27 MP: 1/1
   950 | D:1      | Reached XP level 3. HP: 33/33 MP: 2/2
  1104 | D:2      | Reached ** piety under Trog
  1178 | D:2      | Noticed Jessica
  1184 | D:2      | Killed Jessica
  1185 | D:2      | Reached skill level 5 in Maces & Flails
  1317 | D:2      | Reached XP level 4. HP: 35/40 MP: 3/3
  1589 | D:2      | Reached skill level 1 in Shields
  1736 | D:3      | Noticed Natasha
  1741 | D:3      | Killed Natasha
  1742 | D:3      | Reached XP level 5. HP: 41/46 MP: 4/4
  1759 | D:3      | Noticed Ijyb
  1790 | D:3      | Killed Ijyb
  1791 | D:3      | Reached skill level 6 in Maces & Flails
  1893 | D:3      | Noticed Natasha
  1902 | D:3      | Killed Natasha
  1996 | D:3      | Noticed Natasha
  2003 | D:3      | Killed Natasha
  2050 | D:3      | Noticed Grinder
  2079 | D:3      | Killed Grinder
  2080 | D:3      | Reached skill level 1 in Evocations
  2080 | D:3      | Reached XP level 6. HP: 19/53 MP: 5/5
  2206 | D:3      | Identified the +9 falchion "Voufocy" {pain, rElec rC- SInv}
  2450 | D:3      | Reached *** piety under Trog
  2817 | D:4      | Found a runed translucent door.
  2819 | D:4      | Noticed strontium90w's ghost (amateur DECj)
  2825 | D:4      | Reached skill level 7 in Maces & Flails
  2825 | D:4      | Reached XP level 7. HP: 56/60 MP: 6/6
  2835 | D:4      | Killed strontium90w's ghost
  2836 | D:4      | Reached skill level 1 in Long Blades
  3839 | D:5      | Entered Level 5 of the Dungeon
  3841 | D:5      | Found a staircase to the Ecumenical Temple.
  4006 | D:5      | Reached XP level 8. HP: 60/67 MP: 7/7
  4124 | D:5      | Reached skill level 5 in Fighting
  4366 | D:5      | Reached skill level 8 in Maces & Flails
  4569 | D:5      | Reached skill level 5 in Armour
  4672 | D:6      | Reached skill level 9 in Maces & Flails
  4734 | D:6      | Found an iron altar of Okawaru.
  5031 | D:6      | Reached skill level 10 in Maces & Flails
  5262 | D:6      | Reached XP level 9. HP: 74/74 MP: 8/8
  5272 | D:6      | Reached **** piety under Trog
  5654 | D:7      | Reached skill level 11 in Maces & Flails
  6037 | D:7      | Noticed Joseph
  6060 | D:7      | Killed Joseph
  6061 | D:7      | Reached skill level 12 in Maces & Flails
  6112 | D:7      | Noticed Menkaure
  6135 | D:7      | Killed Menkaure
  6420 | D:7      | Found a sparkling altar of Nemelex Xobeh.
  6853 | D:8      | Reached XP level 10. HP: 83/83 MP: 9/9
  6893 | D:8      | Reached ***** piety under Trog
  6917 | D:8      | Reached skill level 13 in Maces & Flails
  7239 | D:8      | Found Suti's Book Shoppe.
  7497 | D:9      | Reached skill level 5 in Dodging
  7593 | D:9      | Noticed a two-headed ogre
  7602 | D:9      | Killed a two-headed ogre
  7699 | D:9      | Reached skill level 5 in Evocations
  7715 | D:9      | Reached skill level 5 in Shields
  8425 | D:10     | Entered Level 10 of the Dungeon
  8426 | D:10     | Found an ornate altar of the Wu Jian Council.
  8431 | D:10     | Found an ancient bone altar of Kikubaaqudgha.
  8563 | D:9      | Reached skill level 14 in Maces & Flails
  9335 | D:11     | Identified the +7 great mace of Xapn {flame, rElec rN+++
                  | Str+2 Int-2} (Trog gifted it to you on level 11 of the
                  | Dungeon)
  9335 | D:11     | Received a gift from Trog
  9366 | D:11     | Reached XP level 11. HP: 82/92 MP: 10/10
  9407 | D:11     | Noticed a boulder beetle
  9415 | D:11     | Killed a boulder beetle
  9548 | D:11     | Noticed Josephine
  9576 | D:11     | Killed Josephine
  9592 | D:11     | Reached skill level 15 in Maces & Flails
  9718 | D:11     | Found a staircase to the Lair.
  9771 | D:11     | Noticed Sonja
  9786 | D:11     | Killed Sonja
  9786 | D:11     | Noticed Harold
  9971 | D:11     | Killed Harold
 10100 | D:11     | Found a staircase to the Orcish Mines.
 10329 | D:11     | Reached skill level 16 in Maces & Flails
 10462 | D:11     | Noticed a boulder beetle
 10471 | D:11     | Killed a boulder beetle
 10712 | D:11     | Found Hyicuxuu's Antique Weapon Boutique.
 11227 | Lair:1   | Entered Level 1 of the Lair of Beasts
 11231 | Lair:1   | Reached XP level 12. HP: 103/103 MP: 11/11
 11257 | Lair:1   | Identified the +0 robe "Sihukk" {rPois rC+++ Dex-2 SInv}
 11261 | Lair:1   | Noticed Grum
 11266 | Lair:1   | Noticed Amaemon
 11274 | Lair:1   | Killed Grum
 11280 | Lair:1   | Killed Amaemon
 11525 | Lair:1   | Noticed a catoblepas
 11537 | Lair:1   | Killed a catoblepas
 11898 | Lair:1   | Found a runed translucent door.
 11916 | Lair:1   | Reached skill level 17 in Maces & Flails
 12255 | Lair:1   | Noticed Rupert
 12429 | Lair:2   | Reached skill level 10 in Dodging
 12610 | Lair:2   | Found a staircase to the Swamp.
 13017 | Lair:2   | Reached skill level 18 in Maces & Flails
 13636 | Lair:2   | Reached XP level 13. HP: 64/111 MP: 12/12
 13641 | Lair:2   | Received a gift from Trog
 13717 | Lair:2   | Reached skill level 10 in Armour
 13795 | Lair:3   | Found a staircase to the Snake Pit.
 13922 | Lair:3   | Noticed Urug
 13928 | Lair:3   | Killed Urug
 14799 | Lair:4   | Reached skill level 19 in Maces & Flails
 15409 | Lair:5   | Entered Level 5 of the Lair of Beasts
 15563 | Lair:5   | Reached skill level 10 in Fighting
 15950 | Lair:5   | Received a gift from Trog
 16137 | Lair:4   | Reached skill level 20 in Maces & Flails
 16223 | Lair:5   | Reached XP level 14. HP: 121/122 MP: 13/13
 16331 | Lair:5   | HP: 6/122 [lindwurm (2)]
 16336 | Lair:5   | Killed from afar by a lindwurm

Illustrated notes

Levels and vault maps discovered:
D:1:      dpeg_arrival_round_b, layout_basic, minmay_pentomino_r4
D:2:      layout_basic, uniq_jessica
D:3:      layout_basic, uniq_natasha, uniq_ijyb, uniq_grinder
D:4:      kb_forest_paths, layout_basic, ebering_ghost_sewer_d
D:5:      layout_basic, minmay_temple_entry_steel_oval
D:6:      layout_gridville, lemuel_doored_altar, minmay_manual_mail
D:7:      layout_rooms, nemelex_dance_club_becter, hangedman_minor_gate_pass,
          uniq_menkaure, uniq_joseph
D:8:      layout_basic, serial_shops, nicolae_shop_tiny_real_fake_doors
D:9:      layout_basic, enter_bailey_3, fountainhead
D:10:     layout_rooms, mainiacjoe_overflow_catwalk_spiral
D:11:     layout_layer_cave, hellmonk_lair_entry_icy, david_orc_3, serial_ice,
          serial_ice_g, serial_ice_c, serial_ice_l, serial_ice_a, serial_ice_d,
          serial_ice_f, serial_shops, nicolae_shop_real_fake_doors,
          uniq_josephine, uniq_sonja, uniq_harold
Lair:1:   layout_chaotic_city, pdpol_lair_cabin_in_the_woods, uniq_grum,
          uniq_amaemon
Lair:2:   dreamdust_cave_troll, layout_hall_layers, swamp_mist,
          lemuel_fruit_tree
Lair:3:   layout_gridlike, minmay_snake_entry_guardpost_small,
          beast_lair_carwin_4, serial_bayou_shore_b, uniq_urug
Lair:4:   layout_hall_layers, gauntlet_entry_generic
Lair:5:   hangedman_lair_caniforms_friends, layout_long_grid,
          hangedman_lair_in_review, slime_entry_1, grunt_megastairs_5

Skill      XL: |  1  2  3  4  5  6  7  8  9 10 11 12 13 14 |
---------------+-------------------------------------------+-----
Maces & Flails | 4 5 6 7 10 12 14 16 18 20 | 20.2
Fighting       | 4 5 6 7 8 9 10 | 10.7
Shields        | 1 2 3 4 5 |  5.8
Armour         | 3 4 5 6 7 8 9 10 11 | 11.1
Dodging        | 3 4 7 8 10 12 | 12.4
Evocations     | 1 2 3 4 5 6 7 8 |  8.4
Long Blades    | 1 |  1.5
Stealth        | |  0.1

Action                     |  1- 3 |  4- 6 |  7- 9 | 10-12 | 13-15 || total
---------------------------+-------+-------+-------+-------+-------++-------
  Melee: Mace              |    82 |    87 |       |       |       ||   169
         Headbutt          |    10 |    12 |    51 |    86 |    45 ||   204
         Falchion          |       |    27 |    19 |       |       ||    46
         Flail             |       |       |   316 |   213 |       ||   529
         Great mace        |       |       |       |   285 |   258 ||   543
 Invoke: Trog's Hand       |       |     2 |     1 |    14 |    12 ||    29
  Evoke: Wand              |       |       |     1 |     3 |     2 ||     6
    Use: Scroll            |       |     1 |     4 |    10 |     2 ||    17
   Stab: Sleeping          |     2 |       |       |       |       ||     2
 Armour: Animal skin       |    24 |       |       |       |       ||    24
         Leather armour    |     6 |     1 |       |       |       ||     7
         Ring mail         |       |    47 |    31 |       |       ||    78
         Plate armour      |       |       |   171 |   482 |   256 ||   909
  Dodge: Dodged            |    42 |    35 |   104 |   268 |   129 ||   578
  Block: Buckler           |    17 |    29 |    71 |    59 |       ||   176
         Kite shield       |       |       |       |     3 |       ||     3
